 Dungeon Crawl Stone Soup version 0.30-a0-364-gf6b3ef1049 (webtiles) character file.

Game seed: 4638893586200164930

137 Manisian the Poker (level 5, 0/39 HPs)
             Began as a Merfolk Gladiator on Nov 15, 2022.
             Slain by a white imp (1 damage)
             ... summoned by Natasha
             ... on level 4 of the Dungeon.
             The game lasted 00:05:10 (2275 turns).

Manisian the Poker (Merfolk Gladiator)              Turns: 2275, Time: 00:05:10

Health: 0/39       AC: 11    Str: 17    XL:     5   Next: 20%
Magic:  5/5        EV:  8    Int:  7    God:
Gold:   172        SH:  0    Dex: 15    Spells: 4/4 levels left

rFire   . . .      SeeInvis .    a - +0 trident
rCold   . . .      Faith    .    (no shield)
rNeg    . . .      Spirit   .    u - +1 chain mail
rPois   .          Reflect  .    c - +0 helmet
rElec   .          Harm     .    n - +0 cloak
rCorr   +          Rampage  .    (no gloves)
Will    .....                    (no boots)
Stlth   ..........               (no amulet)
HPRegen 0.26/turn                j - ring of resist corrosion
MPRegen 0.09/turn                (no ring)

@: no status effects
A: (nimble swimmer 2), mertail
a: no special abilities


You were on level 4 of the Dungeon.
You visited 1 branch of the dungeon, and saw 4 of its levels.

You collected 222 gold pieces.
You spent 50 gold pieces at shops.

Inventory:

Hand Weapons
 a - a +0 trident (weapon)
Missiles
 d - 3 throwing nets
 e - a javelin
 g - 10 poisoned darts
 i - 15 stones (quivered)
Armour
 b - a +0 leather armour
 c - a +0 helmet (worn)
 n - a +0 cloak (worn)
 u - a +1 chain mail (worn)
Jewellery
 j - a ring of resist corrosion (left hand)
Scrolls
 f - a scroll of vulnerability {unknown}
 l - a scroll of poison
 p - a scroll of fog
Potions
 h - a potion of resistance {unknown}
 k - 2 potions of invisibility {unknown}
 m - a potion of magic {unknown}
 o - 2 potions of haste
 q - 4 potions of curing
 r - a potion of might {unknown}
 w - 2 potions of cancellation {unknown}
 x - a potion of degeneration {unknown}
 z - a potion of heal wounds
 A - a potion of brilliance {unknown}


   Skills:
 + Level 2.7 Fighting
 + Level 6.0 Polearms
 + Level 2.2 Throwing
 + Level 1.1 Armour
 + Level 4.7 Dodging
 + Level 0.8 Stealth


You had 4 spell levels left.
You didn't know any spells.
Your spell library was empty.

Dungeon Overview and Level Annotations

Branches:
Dungeon (4/15)
 Temple: D:4-7

Altars:

Shops:
D:3 !

Annotations:
D:3 1 runed translucent door, exclusion: downstairs, billz999's ghost, amateur GnHu
D:4 Dowan; Duvessa; Natasha


Innate Abilities, Weirdness & Mutations

((You are very nimble when in or above water. (Stealth+, EV+, Speed+++)))
Your lower body shifts to a powerful aquatic tail in water.


Message History

Aim: a jackal (severely wounded, about 45% to evade your +0 trident)
You hit the jackal.
You kill the jackal!
The white imp gestures at you. The puff of frost hits you.
The shadow imp hits you but does no damage.
Reach: a) +0 trident
Press: ? - help, Dir - move target, f - Natasha
Aim: Natasha (fast, about 45% to evade your +0 trident)
You reach to attack!
You barely miss Natasha.
The white imp hits you but does no damage.
The shadow imp hits you.
Unknown command.
Reach: a) +0 trident
Press: ? - help, Dir - move target, f/p - Natasha
Aim: Natasha (fast, about 45% to evade your +0 trident)
You reach to attack!
You hit Natasha.
Natasha is lightly wounded.
The iron imp hits you. The white imp hits you. The white imp freezes you.
The shadow imp hits you.
* * * LOW HITPOINT WARNING * * *
Reach: a) +0 trident
Press: ? - help, Dir - move target, f/p - Natasha
Aim: Natasha (lightly wounded, fast, about 45% to evade your +0 trident)
The shadow imp is in the way.
You closely miss the shadow imp.
You hear the slow hiss of a distant avalanche of sand.
The iron imp hits you.
* * * LOW HITPOINT WARNING * * *
The white imp gestures at you. The puff of frost misses you.
The shadow imp hits you but does no damage.
Reach: a) +0 trident
Press: ? - help, Dir - move target, f/p - Natasha
Aim: Natasha (lightly wounded, fast, about 45% to evade your +0 trident)
The shadow imp is in the way.
You hit the shadow imp.
The shadow imp is lightly wounded.
The iron imp hits you.
* * * LOW HITPOINT WARNING * * *
The white imp hits you.
You die...

....#####.#......
.......##.#..... ..°°#
....#....°....# ...○#
....#.........# ##°..°#
...##....☼○○..# .○.☼☼##
...........☼..# ☼°.....
..........°☼..###☼h..○..
.........☼☼.○○...5hh°☼☼.
...........°.☼☼°@5☼.☼○°.
...........○..☼..5.☼○.°.
.........○.☼....°..☼...☼
.....#######..○.°°##○#..
..#### #.☼○°○☼# # # ..#
#.☼.☼○.# .. .○°.°... .
##########


You could see an iron imp (summoned), Natasha (fast), a white imp (summoned), a
shadow imp (summoned) and 2 jackals.

Vanquished Creatures
  A hound (D:4)
  4 adders
  A worm (D:3)
  2 dart slugs
  An orc (D:3)
  6 bats
  6 endoplasms
  3 giant cockroaches
  8 goblins
  4 hobgoblins
  6 jackals
  4 quokkas
  4 ball pythons
  3 frilled lizards
  2 kobolds
  4 rats (D:1)
59 creatures vanquished.

Vanquished Creatures (others)
  A plant (D:2)
  3 withered plants (D:1)
4 creatures vanquished.

Grand Total: 63 creatures vanquished

Notes
Turn   | Place    | Note
-------+----------+-------------------------------------------
     0 | D:1      | Manisian the Merfolk Gladiator began the quest for the Orb.
     0 | D:1      | Reached XP level 1. HP: 16/16 MP: 1/1
    71 | D:1      | Reached XP level 2. HP: 22/22 MP: 2/2
   366 | D:1      | Reached XP level 3. HP: 28/28 MP: 3/3
   500 | D:1      | Found a faded altar of an unknown god.
   863 | D:2      | Reached skill level 5 in Polearms
  1093 | D:2      | Reached XP level 4. HP: 34/34 MP: 4/4
  1694 | D:3      | Found Areutel's Distillery.
  1702 | D:3      | Bought a potion of heal wounds for 50 gold pieces
  1965 | D:3      | Found a runed translucent door.
  1967 | D:3      | Noticed billz999's ghost (amateur GnHu)
  2078 | D:4      | Reached skill level 1 in Armour
  2127 | D:4      | Noticed Dowan
  2128 | D:4      | Noticed Duvessa
  2149 | D:3      | Reached XP level 5. HP: 24/39 MP: 5/5
  2249 | D:4      | Reached skill level 6 in Polearms
  2257 | D:4      | Noticed Natasha
  2275 | D:4      | HP: 1/39 [iron imp[Natasha] (3)]
  2275 | D:4      | Slain by a white imp

Illustrated notes

Levels and vault maps discovered:
D:1:      dpeg_arrival_rhombus, layout_basic,
          ebering_ecumenical_altar_petrified, grunt_decor_arrowhead
D:2:      cheibrodos_old_hovel, layout_loops_ring, corexii_corridor_pit,
          kennysheep_generic_room_4
D:3:      layout_basic, ebering_ghost_sewer_d, serial_shops, shop,
          hangedman_decor_growths
D:4:      layout_basic, mainiacjoe_overflow_six_doors_small,
          nicolae_ossuary_entry_monument, uniq_ijyb, uniq_duvessa, uniq_natasha

Skill      XL: |  1  2  3  4  5 |
---------------+----------------+-----
Polearms       | 5 6 |  6.0
Armour         | 1 |  1.1
Fighting       | |  2.7
Throwing       | |  2.2
Dodging        | |  4.7
Stealth        | |  0.8

Action                   |  1- 3 |  4- 6 || total
-------------------------+-------+-------++-------
Melee: Trident           |   128 |    88 ||   216
       Punch             |       |     1 ||     1
Throw: Stone             |       |     7 ||     7
       Dart              |       |     1 ||     1
  Use: Scroll            |       |     9 ||     9
 Stab: Sleeping          |     1 |     3 ||     4
Armor: Leather armour    |    38 |     1 ||    39
       Chain mail        |       |    58 ||    58
Dodge: Dodged            |    69 |    47 ||   116

Table legend: (Time is in decaauts)
 A = Elapsed time spent in this place.
 B = Non-inter-level travel time spent in this place.
 C = Inter-level travel time spent in this place.
 D = Time resting spent in this place.
 E = Time spent auto-exploring this place.
 F = Levels seen in this place.
 G = Mean time per level.
                   A        B        C        D        E       F      G
               +--------+--------+--------+--------+--------+-----+--------+
         Total |   2284 |   2045 |    239 |    114 |   1319 |   4 |  571.0 |
       Dungeon |   2284 |   2045 |    239 |    114 |   1319 |   4 |  571.0 |
               +--------+--------+--------+--------+--------+-----+--------+

Top non-repeatable levels by time:
     D:2: 959 daAuts
     D:1: 609 daAuts
     D:3: 537 daAuts
     D:4: 177 daAuts
